Map: Neon Violet Square LE

Players

sogosu

  • Race: Zerg Zerg
  • League: Diamond
  • Spawn Location: 5:00

Calculus - Winner!

  • Race: Terran Terran
  • League: Gold
  • Spawn Location: 11:00

VOD

https://youtu.be/AnuIaEr1Ufg

Description

Time

  • Played on: April 16, 2018, 6:29 p.m.
  • Length: 19:06
Show
View Real Time Build Order
Export as new Build Order

sogosu Zerg 

Build Orders: Hatch First, Swarm Host, Zergling Baneling 

Get SALT Encoding   

  12  0:01  Drone  
  13  0:10  Drone  
  14  0:15  Extractor  
  14  0:16  Drone  
  15  0:40  Hatchery  
  14  0:46  Extractor  
  14  0:47  Drone  
  14  1:02  Spawning Pool  
  13  1:07  Drone  
  14  1:16  Overlord  
  14  1:27  Overlord  
  14  1:37  Drone x2  
  16  1:53  Zergling x4, Metabolic Boost  
  18  2:00  Zergling x2  
  19  2:17  Baneling Nest  
  19  2:21  Zergling x6  
  21  2:26  Zergling x2  
  22  2:30  Zergling x2  
  22  2:32  Zergling x2  
  22  2:36  Zergling x2  
  25  2:39  Zergling x2  
  26  2:45  Zergling x2  
  27  3:02  Zergling x6  
  29  3:11  Zergling x4  
  31  3:13  Baneling x3  
  31  3:19  Zergling x4  
  33  3:21  Baneling  
  33  3:28  Baneling  
  33  3:29  Baneling x2  
  30  3:46  Baneling  
  30  3:52  Drone  
  30  3:54  Zergling x6  
  30  3:55  Zergling x2  
  35  4:00  Baneling  
  35  4:01  Baneling  
  35  4:13  Drone  
  35  4:15  Overlord  
  28  4:34  Zergling x8  
  24  4:43  Drone  
  22  4:48  Queen  
  22  4:49  Roach Warren  
  23  5:01  Drone x2  
  25  5:08  Lair  
  25  5:17  Drone x2  
  27  5:31  Roach x3  
  33  5:42  Extractor, Drone x3  
  35  5:50  Queen  
  37  6:06  Drone x2  
  39  6:11  Queen  
  39  6:13  Glial Reconstitution  
  39  6:18  Roach  
  43  6:43  Drone  
  43  6:44  Overlord x4  
  44  7:07  Roach x4  
  44  7:08  Roach  
  54  7:30  Overseer  
  54  7:33  Pneumatized Carapace  
  54  7:34  Hatchery  
  54  7:37  Drone x3  
  55  7:40  Ravager  
  55  7:41  Ravager  
  59  7:44  Drone  
  58  8:20  Drone x7  
  64  8:32  Centrifical Hooks, Evolution Chamber  
  64  8:34  Zergling x12  
  65  8:38  Extractor x2  
  65  8:39  Spore Crawler  
  66  8:44  Spore Crawler  
  66  8:46  Roach x2  
  69  9:01  Spore Crawler  
  68  9:03  Spine Crawler  
  68  9:04  Drone x4  
  70  9:39  Zerg Ground Armor Level 1  
  70  9:45  Spore Crawler  
  69  9:50  Spore Crawler  
  68  9:57  Evolution Chamber  
  67  10:18  Drone x6  
  67  10:19  Drone x8  
  67  10:20  Drone  
  82  10:21  Overlord x2  
  82  10:22  Overlord  
  82  10:29  Zerg Missile Weapons Level 1  
  82  10:41  Roach x2  
  82  10:42  Roach  
  88  11:04  Drone x2  
  88  11:05  Extractor x2, Drone x8  
  88  11:06  Drone x2  
  98  11:15  Spine Crawler  
  97  11:19  Spine Crawler  
  96  11:26  Infestation Pit  
  95  11:34  Spore Crawler  
  95  11:35  Spine Crawler  
  95  11:37  Spine Crawler  
  92  11:42  Drone x8  
  100  11:51  Zerg Ground Armor Level 2  
  100  12:15  Hatchery  
  99  12:24  Zerg Missile Weapons Level 2  
  99  12:29  Swarm Host  
  105  12:31  Overlord x3  
  105  12:32  Overlord x4  
  105  12:37  Overlord  
  105  12:40  Overseer  
  105  12:45  Overlord  
  105  12:46  Overlord  
  105  13:07  Swarm Host  
  105  13:08  Swarm Host x5  
  132  13:22  Burrow  
  132  13:30  Hive  
  132  13:33  Swarm Host x2  
  132  13:34  Swarm Host  
  135  13:39  Overseer x2  
  150  14:01  Drone x6  
  156  14:32  Roach  
  156  14:33  Roach x17  
  189  14:39  Zergling x2  
  189  14:40  Zergling x4  
  192  14:48  Overseer  
  192  14:54  Overlord  
  192  14:55  Overlord x3  
  192  15:13  Ravager x3  
  198  15:14  Ravager x3  
  198  15:15  Roach  
  179  16:07  Roach  
  179  16:08  Roach x9  
  199  16:27  Extractor x2  
  197  16:44  Extractor  
  197  16:45  Hatchery  
  191  17:16  Overlord x5  
  172  17:51  Roach  
  99  18:23  Roach x6  
Show
View Real Time Build Order
Export as new Build Order

Calculus Terran - Winner!

Build Orders: MMM Bio 

Get SALT Encoding   

  12  0:01  SCV  
  13  0:13  SCV  
  14  0:19  Supply Depot  
  14  0:25  SCV  
  15  0:40  SCV  
  15  0:42  Barracks  
  16  0:46  Refinery  
  16  0:53  SCV  
  17  1:05  SCV  
  18  1:18  SCV  
  19  1:30  Orbital Command  
  19  1:31  Barracks Reactor  
  19  1:46  Command Center  
  19  1:55  SCV  
  20  2:02  Barracks  
  20  2:09  SCV  
  20  2:13  Supply Depot  
  20  2:19  Marine  
  20  2:21  SCV  
  22  2:30  Factory  
  22  2:39  SCV  
  22  2:40  Marine  
  22  2:41  Refinery  
  22  2:42  Marine  
  26  2:52  Barracks Tech Lab  
  26  2:54  SCV  
  26  3:00  Supply Depot  
  25  3:10  Marine, SCV  
  25  3:11  Marine  
  26  3:22  Marine  
  26  3:38  SCV  
  26  3:39  Marine x2  
  29  3:46  Marine  
  30  3:49  Cyclone  
  33  3:57  Marine  
  34  4:04  Bunker  
  34  4:07  SCV  
  34  4:08  Marine x2  
  37  4:15  Starport  
  37  4:17  Marine  
  37  4:19  SCV  
  35  4:50  Barracks  
  35  4:55  SCV  
  35  4:56  Supply Depot  
  35  4:58  Marine  
  37  5:02  Factory Tech Lab  
  37  5:11  SCV  
  38  5:15  Orbital Command  
  38  5:23  Marine, SCV  
  40  5:36  Supply Depot  
  40  5:37  SCV  
  41  5:43  Marine  
  41  5:44  Marine x2  
  41  5:49  SCV  
  45  5:51  Starport Reactor  
  45  5:53  Siege Tank  
  48  6:00  SCV  
  48  6:02  Marine x2  
  51  6:04  Marine  
  51  6:11  Stimpack  
  52  6:16  SCV, Supply Depot  
  53  6:21  SCV  
  53  6:22  Marine x2  
  53  6:25  Marine  
  57  6:31  SCV  
  58  6:37  SCV  
  59  6:40  Marine  
  60  6:49  Barracks  
  60  6:51  SCV x2, Barracks, Supply Depot  
  60  6:53  Marine  
  60  6:54  Marine  
  64  7:03  SCV  
  64  7:04  Supply Depot  
  64  7:05  Marine, SCV  
  67  7:12  Marine x2, Barracks  
  67  7:14  Supply Depot  
  69  7:20  SCV  
  69  7:21  SCV, Medivac  
  69  7:22  Medivac  
  75  7:26  Marine  
  76  7:33  Marine  
  76  7:34  Marine  
  76  7:36  SCV  
  80  7:37  SCV  
  80  7:42  Supply Depot  
  80  7:44  Barracks Reactor x2  
  80  7:46  Marine  
  81  7:52  SCV  
  81  7:53  SCV, Supply Depot  
  81  7:56  Supply Depot  
  83  7:59  Supply Depot  
  83  8:04  Supply Depot  
  83  8:07  SCV x2  
  83  8:08  Marine x3  
  88  8:18  Bunker  
  88  8:25  SCV x2, Command Center  
  88  8:26  Marine, Supply Depot  
  91  8:34  Supply Depot  
  91  8:35  Marine x2  
  91  8:36  Marine  
  91  8:37  Barracks Tech Lab  
  91  8:39  Combat Shields  
  94  8:47  SCV x2  
  94  8:48  Marine x4  
  98  8:49  Supply Depot  
  100  9:06  Engineering Bay  
  100  9:07  Marine x3  
  100  9:08  Marine x4  
  100  9:09  Marauder, Engineering Bay  
  109  9:12  SCV x2  
  102  9:35  Marine x2  
  102  9:36  Marine x6  
  102  9:38  SCV x2  
  103  9:48  Supply Depot  
  103  9:50  Terran Infantry Weapons Level 1  
  103  9:51  Terran Infantry Armor Level 1  
  103  9:53  Marine  
  103  9:55  Marauder  
  103  9:57  Armory  
  106  10:00  Armory, Siege Tank  
  106  10:06  Factory  
  109  10:10  SCV, Refinery  
  109  10:11  SCV, Refinery  
  109  10:13  Supply Depot  
  111  10:17  Marine x2  
  111  10:18  Marine x4  
  117  10:28  Orbital Command  
  117  10:31  SCV x2  
  117  10:33  Marauder  
  121  10:36  Supply Depot  
  121  10:42  Concussive Shells  
  121  10:44  Marine x6  
  121  10:47  SCV x2  
  129  10:52  Marauder  
  131  10:57  SCV  
  131  11:00  Marine  
  133  11:08  Factory  
  133  11:10  Factory, Terran Vehicle Weapons Level 1  
  133  11:12  Factory  
  133  11:18  SCV  
  133  11:19  Marine, SCV x2  
  133  11:20  Marine x7  
  133  11:23  Factory Tech Lab  
  144  11:30  Refinery  
  144  11:37  Barracks x2  
  144  11:38  SCV x3  
  144  11:39  Marine x6, Marauder x2  
  156  11:40  Barracks  
  156  11:44  Terran Vehicle And Ship Armor Level 1  
  156  11:46  Terran Infantry Weapons Level 2  
  157  11:55  SCV x3  
  157  11:56  Marine x2  
  157  11:57  Marine  
  163  12:03  Factory  
  163  12:11  Refinery  
  163  12:12  Missile Turret  
  163  12:18  Missile Turret x2  
  163  12:20  SCV x3  
  163  12:21  Marine x3  
  169  12:23  Command Center  
  169  12:25  Barracks Reactor  
  169  12:30  Factory Tech Lab x2  
  169  12:31  Factory Reactor  
  169  12:33  SCV  
  169  12:34  SCV x2  
  172  12:38  Factory Tech Lab  
  172  12:39  Marine  
  172  12:40  Marine x3  
  172  12:42  Barracks Tech Lab  
  178  12:44  Marauder  
  178  12:50  Supply Depot  
  178  12:52  Supply Depot  
  178  13:05  Marine x3  
  178  13:08  Command Center  
  178  13:09  Marine x4  
  178  13:10  Marine  
  186  13:15  Terran Vehicle Weapons Level 2  
  186  13:17  Unknown  
  186  13:28  SCV  
  186  13:29  Marine x4  
  186  13:30  Marine x4  
  186  13:31  Marauder x2  
  199  13:39  Planetary Fortress  
  199  13:45  Marine  
  200  13:50  Factory Tech Lab  
  200  13:56  Supply Depot  
  200  14:01  Supply Depot, Terran Vehicle And Ship Armor Level 2  
  200  14:02  Terran Infantry Armor Level 2  
  200  14:04  Terran Infantry Weapons Level 3  
  200  14:06  Supply Depot  
  200  14:15  Unknown  
  200  14:16  Unknown  
  200  14:17  Unknown x2  
  200  14:18  Unknown x2  
  200  14:26  Marine  
  200  14:27  Marine x6  
  200  14:28  Marine x4  
  111  14:44  Marine  
  111  14:45  Marine x6  
  110  14:46  Marine x4  
  110  14:47  Siege Tank x2  
  121  14:57  Siege Tank  
  123  15:02  Marine x4  
  123  15:03  Unknown  
  123  15:06  Marine x2  
  123  15:07  Marine x2  
  129  15:13  Marine  
  132  15:15  Medivac x2  
  132  15:17  Siege Tank  
  129  15:44  Marine x2  
  129  15:45  Marine x6  
  129  15:46  Marine  
  129  15:48  Siege Tank x3  
  113  16:06  Orbital Command  
  113  16:13  Marine  
  113  16:14  Marine x6  
  113  16:15  Marine x4  
  113  16:33  Marine x6, Marauder  
  113  16:34  Marine x2  
  123  16:51  Command Center  
  123  16:54  Siege Tank  
  123  16:55  Marine  
  123  16:56  Marine  
  100  17:09  Marine x4  
  100  17:10  Marine  
  56  18:37  Marine x6  
Tags
 
Add a new tag
Caveats
  • Supply blocks, unpowered buildings, or Contaminate may cause inaccurate times.
  • Supply counts are checked every 10 seconds.